Unix NetHack Version 3.7.0-88 Work-in-progress - last build Aug 6 2023 13:40:22 (5c9c4c7fffe0d5f0a8b1342c2a36a56ed743986a,branch:master). Game began 2023-08-18 03:00:15, ended 2023-08-19 21:32:05. joeljoel, chaotic female elven Wizard -------- ######-......| ----- ----- ------------## |..>...| ##-.a@| |...-######### ..........|# #-......| # |.f.| |...| # ...........|# #|......-### |.[.| |...-# #-...........|# #|......| -|--- |.^.|# # ...........|# #|..Z...|######### |...|# # ------|-----# * #-------- #### -----# #######[######### # ## # ## ## ## # ## # ## ## ## -|----|--------- # # # (##### " |...............## # # ## # |..............| # ## ## ## # |..............|#### #-----# # # |..............|# ##-+-+-- #....|# -------------.-# ----------------# ##|....| |....# |..............# ##-....| |...| |...*......{..| |..<.| ----- --------------- ------ Joeljoel the Conjurer St:13 Dx:12 Co:12 In:19 Wi:14 Ch:9 Chaotic S:1565 Dlvl:4 $:169 HP:0(36) Pw:63(73) AC:7 Xp:5/299 T:5271 Latest messages: The little dog bites! The little dog bites! The little dog bites! The housecat bites the little dog. The little dog is killed! Your housecat grows up into a large cat. The large cat bites the rothe. You already found a monster. Use 'm' prefix to force another search. You already found a monster. Use 'm' prefix to force another search. Pick an object. q a quadruped (rothe) [seen: normal vision, infravision] In what direction? h The dart misses the rothe. The rothe hits! The rothe bites! The rothe bites again! The large cat misses the rothe. In what direction? h The dart hits the rothe. The rothe hits! The rothe misses! The rothe bites! The large cat bites the rothe. The rothe is killed! There is a rothe corpse here; eat it? [ynq] (n) y This rothe corpse is gamey. The large cat picks up a banded mail. The large cat drops a banded mail. You finish eating the rothe corpse. z - a dart (at the ready). You feel full of energy. You stop searching. In what direction? h The spell misses the giant ant. The large cat misses the giant ant. The large cat misses the giant ant. In what direction? h The spell misses the giant ant. The giant ant bites! The large cat misses the giant ant. You hit the giant ant! The giant ant bites! The large cat bites the giant ant. The giant ant bites! You die... Do you want your possessions identified? [ynq] (y) y Do you want to see your attributes? [ynq] (y) y Do you want an account of creatures vanquished? [ynaq] (y) y Do you want to see your conduct and achievements? [ynq] (y) y Do you want to see the dungeon overview? [ynq] (y) y Inventory: Coins $ - 169 gold pieces Weapons z - a +0 dart (at the ready) R - a +0 dagger w - a +0 elven dagger (weapon in hand) J - a +1 orcish dagger x - 2 +0 orcish daggers X - a cursed -1 orcish dagger a - a blessed +1 quarterstaff (alternate weapon; not wielded) Armor Q - an uncursed +0 orcish helm (being worn) V - an uncursed +0 orcish helm I - an uncursed +0 pair of kicking boots (being worn) b - an uncursed +0 cloak of magic resistance (being worn) Comestibles U - 2 uncursed food rations Scrolls i - 2 uncursed scrolls of identify o - 3 uncursed scrolls of identify j - an uncursed scroll of light H - a blessed scroll of remove curse y - an uncursed scroll of taming T - an uncursed scroll of teleportation Spellbooks k - a blessed spellbook of force bolt l - an uncursed spellbook of light p - an uncursed spellbook of wizard lock Potions f - a blessed potion of booze h - an uncursed potion of see invisible g - an uncursed potion of water Rings e - an uncursed ring of sustain ability t - an uncursed ring of teleport control d - an uncursed ring of teleportation Wands c - a wand of magic missile (0:6) q - a wand of striking (0:5) Tools n - an uncursed leather drum m - a magic marker (0:79) Gems/Stones W - an uncursed opal r - an uncursed worthless piece of blue glass Joeljoel the Wizard's attributes: Background: You were a Conjurer, a level 5 female elven Wizard. You were chaotic, on a mission for Anhur who was opposed by Ptah (lawful) and Thoth (neutral). You were in the Dungeons of Doom, on level 4. You entered the dungeon 5271 turns ago. You had 299 experience points, 21 more were needed to attain level 6. Your score was 1565 before end-of-game adjustments. Basics: You had 0 out of 36 hit points. You had 63 out of 73 energy points (spell power). Your armor class was 7. Your wallet contained 169 zorkmids. Autopickup was off. Final Characteristics: Your strength was 13 (limit:18). Your dexterity was 12 (limit:18). Your constitution was 12 (limit:16). Your intelligence was 19 (limit:20). Your wisdom was 14 (limit:20). Your charisma was 9 (limit:18). Final Status: You were not hungry. You were unencumbered. You were wielding a dagger. You had basic skill with dagger. Final Attributes: You were piously aligned. You were magic-protected. You were sleep resistant. You were telepathic. You had infravision. You were warded. You are dead. Miscellaneous: You never encountered a bones level. Total elapsed playing time was 1 hour, 21 minutes and 24 seconds. Major events: Turn 1: joeljoel the chaotic female elven Wizard entered the dungeon 1231: attained the rank of Conjurer (level 3) 2224: found Demonbane in a shop 4755: entered the Gnomish Mines 5271: killed by a giant ant Vanquished creatures: a leprechaun a rock mole a shrieker 2 little dogs 3 floating eyes 2 dwarves 3 homunculi 2 kobold shamans 6 hill orcs a rothe an orc zombie 3 iguanas an acid blob a coyote a gas spore 2 hobbits 3 giant rats 6 cave spiders 2 yellow molds a green mold 2 gnomes 5 garter snakes 2 gnome zombies 6 geckos 6 jackals 2 foxes a kobold 4 goblins 3 sewer rats a grid bug 9 lichens 4 kobold zombies 9 newts 97 creatures vanquished. No species were genocided or became extinct. Voluntary challenges: You read items or engraved 1 time. You never engraved Elbereth. You never genocided any monsters. You never polymorphed an object. You never changed form. You used no wishes. Achievements: You attained the rank of Conjurer. You entered a shop. You entered the Gnomish Mines. The Dungeons of Doom: levels 1 to 4 Level 1: A fountain. Level 2: A fountain. Level 3: A weapon shop, a fountain. Level 4: <- You were here. A fountain. Stairs down to The Gnomish Mines. Final resting place for you, killed by a giant ant. The Gnomish Mines: Level 5: Game over: ---------- / \ / REST \ / IN \ / PEACE \ / \ | joeljoel | | 169 Au | | killed by a | | giant ant | | | | | | 2023 | *| * * * | * _________)/\\_//(\/(/\)/\//\/|_)_______ Goodbye joeljoel the Wizard... You died in The Dungeons of Doom on dungeon level 4 with 1549 points, and 169 pieces of gold, after 5271 moves. You were level 5 with a maximum of 36 hit points when you died.